 Dungeon Crawl Stone Soup version 0.22.2-1-ge965b3aba3 (webtiles) character file.

11925 Freitmort the Thaumaturge (level 11, -11/60 HPs)
             Began as a Deep Elf Conjurer on Aug 1, 2019.
             Was a Believer of Vehumet.
             Mangled by a black mamba (17 damage)
             ... on level 1 of the Lair of Beasts on Aug 13, 2019.
             The game lasted 01:40:31 (14634 turns).

Freitmort the Thaumaturge (Deep Elf Conjurer)      Turns: 14634, Time: 01:40:32

Health: -11/60     AC:  6    Str:  7    XL:     11   Next: 55%
Magic:  26/30      EV: 17    Int: 22    God:    Vehumet [**....]
Gold:   848        SH:  0    Dex: 15    Spells: 28/37 levels left

rFire    . . .     SeeInvis .   G - +0 blowgun
rCold    . . .     Gourm    .   (no shield)
rNeg     . . .     Faith    .   a - +1 robe
rPois    +         Spirit   .   (no helmet)
rElec    .         Reflect  .   t - scarf {repulsion}
rCorr    .         Harm     .   w - +0 pair of gloves
MR       ++...                  r - +1 pair of boots
Stlth    +++.......             z - amulet of magic regeneration
HPRegen  0.20/turn              m - ring of protection from magic
MPRegen  0.47/turn              q - ring of poison resistance

@: repel missiles
A: no striking features
a: Renounce Religion


You were on level 1 of the Lair of Beasts.
You worshipped Vehumet.
Vehumet was pleased with you.
You were not hungry.

You visited 2 branches of the dungeon, and saw 12 of its levels.
You also visited: Ossuary.

You collected 874 gold pieces.
You spent 26 gold pieces at shops.

Inventory:

Hand Weapons
 b - a +1 dagger
 F - a +0 dagger of venom
 G - a +0 blowgun (weapon)
Missiles
 j - 5 needles of frenzy (quivered)
 o - 30 poisoned needles
 B - 8 curare-tipped needles
Armour
 a - a +1 robe (worn)
 r - a +1 pair of boots (worn)
 t - a scarf of repulsion (worn)
 w - a +0 pair of gloves (worn)
Jewellery
 m - a ring of protection from magic (left hand)
 p - an uncursed ring of fire
 q - a ring of poison resistance (right hand)
 z - an amulet of magic regeneration (around neck)
 H - a +2 ring of intelligence
 I - an uncursed amulet of faith {unknown}
Wands
 s - a wand of polymorph (12)
 C - a wand of digging (10)
Scrolls
 v - 4 scrolls of teleportation
 x - a scroll of magic mapping
 y - 2 scrolls of fear
 A - 4 scrolls of remove curse
 D - a scroll of fog
 J - a scroll of amnesia {unknown}
Potions
 d - a potion of magic
 e - 3 potions of ambrosia
 f - 3 potions of lignification
 g - 7 potions of curing
 h - a potion of flight
 i - 3 potions of might
 k - a potion of resistance
 l - a potion of heal wounds
 n - 2 potions of brilliance
 u - 3 potions of cancellation
 E - a potion of agility
Comestibles
 c - 26 rations


   Skills:
 + Level 3.8 Fighting
 + Level 7.1 Dodging
 + Level 6.0 Stealth
 + Level 13.5 Spellcasting
 + Level 11.8 Conjurations
 * Level 2.0 Ice Magic
 + Level 5.3 Poison Magic
 - Level 5.6 Evocations


You had 28 spell levels left.
You knew the following spells:

 Your Spells              Type           Power        Failure   Level  Hunger
a - Magic Dart            Conj           ####         1%          1    None
b - Searing Ray           Conj           ######       1%          2    None
c - Iskenderun's Mystic   Conj           ######..     1%          4    None
d - Sting                 Conj/Pois      ####         1%          1    None
e - Freeze                Ice            ###.         1%          1    None

Your spell library contained the following spells:

 Spells                   Type           Power        Failure   Level  Hunger
 Dazzling Spray           Conj/Hex       #####.       1%          3    None
 Force Lance              Conj/Tloc      #####...     3%          4    None
 Fulminant Prism          Conj/Hex       #####.....   3%          4    None
 Confusing Touch          Hex            ##....       4%          1    None
 Corona                   Hex            ##.....      4%          1    None
 Infusion                 Chrm           ##..         4%          1    None
 Summon Small Mammal      Summ           ##..         4%          1    None
 Ensorcelled Hibernation  Hex/Ice        ###...       4%          2    None
 Call Imp                 Summ           ##......     6%          2    None
 Shroud of Golubria       Chrm/Tloc      ##........   6%          2    None
 Slow                     Hex            ##......     6%          2    None
 Song of Slaying          Chrm           ##......     6%          2    None
 Call Canine Familiar     Summ           ##......     13%         3    None
 Confuse                  Hex            ##......     13%         3    None
 Gell's Gravitas          Tloc           ##........   13%         3    None
 Regeneration             Chrm/Necr      ##........   13%         3    None
 Spectral Weapon          Hex/Chrm       ##......     13%         3    None
 Summon Guardian Golem    Hex/Summ       ##......     13%         3    None
 Tukima's Dance           Hex            ##......     13%         3    None
 Summon Ice Beast         Ice/Summ       ###.....     28%         4    None
 Petrify                  Tmut/Erth      ##......     38%         4    None
 Summon Lightning Spire   Summ/Air       ##......     38%         4    None
 Metabolic Englaciation   Hex/Ice        ###.......   61%         5    ###....
 Yara's Violent Unravell  Hex/Tmut       ##........   75%         5    ###....


Dungeon Overview and Level Annotations

Branches:
Dungeon (11/15)              Lair (1/6) D:10            Orc (0/2) D:10
 Temple: D:4-7

Altars:
Ashenzari
Elyvilon
Hepliaklqana
Makhleb
Okawaru
Trog
Uskayaw
Vehumet
Xom
Yredelemnul
Zin

Shops:
D:6 *}}

Annotations:
D:7 2 runed doors, Naingolan's ghost, novice KoSu
D:10 Nergalle


Message History

The searing ray hits the black mamba.
The black mamba is moderately wounded.
The black mamba completely misses you. The black mamba bites you.
* * * LOW HITPOINT WARNING * * *
The searing ray hits the black mamba.
The black mamba is severely wounded.
You finish channeling your searing ray.
The black mamba barely misses you.
The black mamba bites you but does no damage.
The black mamba bites you!
* * * LOW HITPOINT WARNING * * *
Casting: Searing Ray (safe; 1% risk of failure)
Confirm with . or Enter, or press ? or * to list all spells.
Aiming: Searing Ray (safe; 1% risk of failure)
Press: ? - help, Shift-Dir - straight line, f/p - black mamba
Aim: a black mamba (severely wounded)
The searing ray hits the black mamba.
The black mamba is almost dead. (Press . to maintain the ray.)
The black mamba bites you!
You die...

....#.......#..................##
....#.......#...#..........#...##
....#+#.#.......##.###.##+#....#
...............................##
.................................
.................................
.................†...............
................S.##.######......
................@.##+.#####..###P
......#.###.##.....+.....##..#...
.....#........#...##.....##......
....<#........#...##......#..#...
..(.†.........+...##.....##..#...
..............#....#.....##..+...
.....+........#....+.....##..P...
.....#............##'##+###..P...
.....#..##.####...##.#..###..####


You could see a black mamba.

Vanquished Creatures
  2 two-headed ogres (D:10)
  An unseen horror (D:10)
  Pikel (D:5)
  5 spiny frogs (Lair:1)
  A komodo dragon (Lair:1)
  A kobold demonologist (D:10)
  A hippogriff (D:9)
  Sigmund (D:4)
  4 hogs (D:7)
  A human (D:7)
  A wraith (D:10)
  6 yaks
  Grum (D:10)
  Menkaure (D:4)
  2 hungry ghosts
  A water moccasin (Lair:1)
  A porcupine (Lair:1)
  3 orc warriors
  A sky beast (D:8)
  2 black bears
  3 phantoms
  2 ice beasts
  A necrophage (D:10)
  3 ogres
  2 wolves (D:10)
  A centaur (D:9)
  2 big kobolds
  5 bullfrogs
  A gnoll sergeant (D:6)
  A wyvern zombie (D:6)
  4 scorpions
  12 killer bees
  7 electric eels
  A howler monkey (D:5)
  7 crimson imps
  A centaur zombie (Ossuary)
  A human zombie (Ossuary)
  2 jellies
  8 orc priests
  7 hounds
  11 orc wizards
  Jessica (D:3)
  3 iguanas
  9 worker ants
  A killer bee zombie (D:7)
  2 big kobold zombies (Ossuary)
  A hound skeleton (D:4)
  2 mummies (Ossuary)
  A worker ant zombie (D:6)
  4 gnolls (D:6)
  13 adders
  A shadow imp (D:5)
  2 oozes
  4 worms
  6 dart slugs
  6 leopard geckos
  33 orcs
  5 giant cockroaches
  A gnoll zombie (Ossuary)
  12 goblins
  8 hobgoblins
  3 jackals (D:1)
  5 quokkas
  2 ball pythons
  6 bats
  5 frilled lizards
  A giant cockroach zombie (D:5)
  3 goblin zombies (Ossuary)
  4 hobgoblin zombies (Ossuary)
  12 kobolds
  2 orc zombies (Ossuary)
  9 rats
  A spectral orc (D:4)
  A plant (D:10)
288 creatures vanquished.

Vanquished Creatures (others)
  A bullfrog (D:5)
  A scorpion (D:5)
  A crimson imp (D:5)
  A fungus (Lair:1)
  2 plants
6 creatures vanquished.

Grand Total: 294 creatures vanquished

Notes
Turn   | Place    | Note
-------+----------+-------------------------------------------
     0 | D:1      | Freitmort the Deep Elf Conjurer began the quest for the
                  | Orb.
     0 | D:1      | Reached XP level 1. HP: 10/10 MP: 6/6
   214 | D:1      | Reached XP level 2. HP: 15/15 MP: 6/8
   236 | D:1      | Learned a level 2 spell: Searing Ray
   498 | D:1      | Reached skill level 5 in Conjurations
   757 | D:1      | Reached XP level 3. HP: 19/19 MP: 7/9
  1736 | D:2      | Reached XP level 4. HP: 24/24 MP: 8/11
  1783 | D:2      | Found a bloodstained altar of Trog.
  2022 | D:2      | Reached skill level 4 in Spellcasting
  2607 | D:3      | Learned a level 4 spell: Iskenderun's Mystic Blast
  2622 | D:3      | Reached XP level 5. HP: 28/28 MP: 9/13
  2978 | D:3      | Noticed Jessica
  3019 | D:3      | Identified Jessica's Collected Works on Beguiling
  3112 | D:3      | Killed Jessica
  3545 | D:4      | Found a hide-covered altar of Uskayaw.
  3548 | D:4      | Noticed a dagger
  3549 | D:4      | Noticed a hand axe
  3558 | D:4      | Found a hazy altar of Hepliaklqana.
  3559 | D:4      | Noticed Sigmund
  3564 | D:4      | Killed Sigmund
  3564 | D:4      | Reached skill level 5 in Spellcasting
  3564 | D:4      | Reached XP level 6. HP: 30/32 MP: 2/16
  3799 | D:4      | Reached skill level 6 in Spellcasting
  3901 | D:4      | Reached XP level 7. HP: 36/36 MP: 12/18
  4204 | D:4      | Reached skill level 7 in Spellcasting
  4272 | D:4      | Found a glowing silver altar of Zin.
  4484 | D:4      | Found a basalt altar of Yredelemnul.
  4558 | D:4      | Noticed Menkaure
  4659 | D:4      | Killed Menkaure
  4967 | D:5      | Entered Level 5 of the Dungeon
  4988 | D:5      | Reached skill level 1 in Fighting
  5015 | D:5      | Found a shattered altar of Ashenzari.
  5054 | D:5      | Found a sand-covered staircase.
  5054 | D:5      | Noticed Pikel
  5067 | D:5      | Killed Pikel
  5067 | D:5      | Reached skill level 5 in Stealth
  5067 | D:5      | Reached skill level 8 in Spellcasting
  5067 | D:5      | Reached XP level 8. HP: 15/44 MP: 7/22
  5346 | Ossuary  | Entered an ossuary
  5817 | D:5      | Reached skill level 9 in Spellcasting
  6779 | D:6      | Reached skill level 10 in Spellcasting
  6782 | D:6      | Reached XP level 9. HP: 48/48 MP: 17/25
  7275 | D:6      | Found Yciriop's General Store.
  7283 | D:6      | Bought a scroll of identify for 26 gold pieces
  7561 | D:6      | Found Meclamih's Gadget Boutique.
  7675 | D:6      | Found Meubank's Gadget Emporium.
  7746 | D:6      | Reached skill level 11 in Spellcasting
  7906 | D:7      | Found an iron altar of Okawaru.
  7950 | D:7      | Reached skill level 10 in Conjurations
  8172 | D:7      | Found a burning altar of Makhleb.
  8272 | D:7      | Reached skill level 5 in Evocations
  8468 | D:7      | Reached XP level 10. HP: 35/53 MP: 23/27
  8796 | D:7      | Reached skill level 12 in Spellcasting
  8835 | D:7      | Found a radiant altar of Vehumet.
  8838 | D:7      | Became a worshipper of Vehumet
  8930 | D:7      | Found a large runed door.
  8930 | D:7      | Found a large runed door.
  8931 | D:7      | Noticed Naingolan's ghost (novice KoSu)
 10478 | D:9      | Reached * piety under Vehumet
 10478 | D:9      | Offered knowledge of Sting by Vehumet.
 10485 | D:9      | Learned a level 1 spell: Sting
 10492 | D:9      | Found a white marble altar of Elyvilon.
 10655 | D:9      | Reached skill level 1 in Poison Magic
 11034 | D:10     | Entered Level 10 of the Dungeon
 11037 | D:10     | Noticed Nergalle
 11201 | D:10     | Noticed Grum
 11244 | D:10     | Killed Grum
 11244 | D:10     | Reached skill level 5 in Dodging
 11406 | D:10     | Found a staircase to the Lair.
 11907 | D:10     | Found a staircase to the Orcish Mines.
 11907 | D:10     | Noticed a two-headed ogre
 11958 | D:10     | Killed an unseen horror
 11958 | D:10     | Reached XP level 11. HP: 19/60 MP: 23/29
 11977 | D:9      | Reached skill level 5 in Poison Magic
 12450 | D:10     | Killed a two-headed ogre
 12862 | D:10     | Noticed a two-headed ogre
 12872 | D:10     | Killed a two-headed ogre
 12872 | D:10     | Reached skill level 13 in Spellcasting
 13052 | D:9      | Found a shimmering altar of Xom.
 13103 | D:10     | Offered knowledge of Freeze by Vehumet.
 13106 | D:10     | Learned a level 1 spell: Freeze
 13440 | D:11     | Noticed a two-headed ogre
 13614 | Lair:1   | Entered Level 1 of the Lair of Beasts
 13629 | Lair:1   | Reached ** piety under Vehumet
 13629 | Lair:1   | Reached skill level 1 in Ice Magic
 14634 | Lair:1   | Mangled by a black mamba

Skill      XL: |  1  2  3  4  5  6  7  8  9 10 11 |
---------------+----------------------------------+-----
Conjurations   | 5 6 7 8 9 10 11 | 11.8
Spellcasting   | 4 5 6 8 10 11 12 13 | 13.5
Stealth        | 3 4 5 6 |  6.0
Fighting       | 1 2 3 |  3.8
Evocations     | 2 3 5 |  5.6
Dodging        | 3 6 7 |  7.1
Poison Magic   | 4 5 |  5.3
Ice Magic      | 2 |  2.0

Action                   |  1- 3 |  4- 6 |  7- 9 | 10-12 || total
-------------------------+-------+-------+-------+-------++-------
Melee: Dagger            |       |       |       |   120 ||   120
 Cast: Magic Dart        |    69 |    72 |   185 |   167 ||   493
       Searing Ray       |     3 |    15 |    55 |    66 ||   139
       Iskenderun's Myst |       |     2 |    27 |    38 ||    67
       Sting             |       |       |       |     3 ||     3
  Use: Scroll            |     4 |     7 |     7 |     6 ||    24
       Potion            |       |       |       |     2 ||     2
  Eat: Chunk             |     2 |     5 |     4 |     1 ||    12
       Ration            |       |     1 |     3 |     6 ||    10
Armor: Robe              |     1 |     3 |    13 |    26 ||    43
Dodge: Dodged            |     5 |     7 |    47 |   101 ||   160
       Deflected         |       |       |     3 |     8 ||    11
